 Dungeon Crawl Stone Soup version 0.30-a0-422-g946f4849ff (webtiles) character file.

Game seed: 17678237236334988317

26 pokeman the Magician (level 2, 0/16 HPs)
             Began as a Deep Elf Hedge Wizard on Dec 8, 2022.
             Slain by a goblin
             ... wielding a +0 club
             ... led by Robin
              (5 damage)
             ... on level 2 of the Dungeon.
             The game lasted 00:01:48 (919 turns).

pokeman the Magician (Deep Elf Hedge Wizard)         Turns: 919, Time: 00:01:49

Health: 0/16       AC:  4    Str:  7    XL:     2   Next: 89%
Magic:  5/10       EV: 11    Int: 18    God:
Gold:   27         SH:  0    Dex: 14    Spells: 10/11 levels left

rFire   . . .      SeeInvis .    e - +1 trident (venom)
rCold   . . .      Faith    .    (no shield)
rNeg    . . .      Spirit   .    a - +0 leather armour
rPois   .          Reflect  .    b - +0 helmet
rElec   .          Harm     .    (no cloak)
rCorr   .          Rampage  .    (no gloves)
Will    .....                    (no boots)
Stlth   ++........               (no amulet)
HPRegen 0.22/turn                c - ring of flight
MPRegen 0.12/turn                (no ring)

@: flying
A: no striking features
a: no special abilities


You were on level 2 of the Dungeon.
You visited 1 branch of the dungeon, and saw 2 of its levels.

You collected 27 gold pieces.

Inventory:

Hand Weapons
 e - a +1 trident of venom (weapon)
Armour
 a - a +0 leather armour (worn)
 b - a +0 helmet (worn)
Jewellery
 c - a ring of flight (left hand)
Scrolls
 h - a scroll of identify {unknown}
 i - 2 scrolls of butterflies {unknown}
Potions
 d - a potion of magic
 f - a potion of attraction {unknown}
 g - a potion of brilliance {unknown}


   Skills:
 + Level 0.7 Fighting
 + Level 0.7 Armour
 - Level 2.4 Dodging
 - Level 2.4 Stealth
 * Level 5.0 Spellcasting
 + Level 1.7 Conjurations
 - Level 1.1 Summonings
 - Level 1.1 Translocations


You had 10 spell levels left.
You knew the following spells:

 Your Spells              Type           Power      Damage    Failure   Level
a - Magic Dart            Conj           40%        1d5       10%         1

Your spell library contained the following spells:

 Spells                   Type           Power      Damage    Failure   Level
 Slow                     Hex            16%        N/A       19%         1
 Blink                    Tloc           16%        N/A       19%         2
 Call Imp                 Summ           8%         N/A       19%         2
 Cigotuvi's Dreadful Rot  Necr/Pois/Air  8%         N/A       28%         2
 Mephitic Cloud           Conj/Pois/Air  6%         N/A       43%         3


Dungeon Overview and Level Annotations

Branches:
Dungeon (2/15)

Altars:

Annotations:
D:2 Robin


Message History

Confirm with . or Enter, or press ? or * to list all spells.
Aiming: Magic Dart (safe; 10% risk of failure)
Press: ? - help, Shift-Dir - straight line, f/p - hobgoblin
Aim: a hobgoblin (almost dead, strong, 100% to hit)
The magic dart hits the hobgoblin.
You kill the hobgoblin!
Casting: Magic Dart (safe; 10% risk of failure)
Confirm with . or Enter, or press ? or * to list all spells.
Aiming: Magic Dart (safe; 10% risk of failure)
Press: ? - help, Shift-Dir - straight line, f - goblin
Aim: a goblin, wielding a +0 club (strong, 100% to hit)
The magic dart hits the goblin.
The goblin is moderately wounded.
The goblin hits you but does no damage.
Unknown command.
Robin roars a battlecry!
You hear a shout! x2
The goblin hits you with a +0 club. Robin throws the goblin at you!
The goblin attacks as you move away! The goblin hits you with a +0 club.
The goblin attacks as you move away! The goblin hits you with a +0 club.
The goblin attacks as you move away! The goblin hits you but does no damage.
The goblin attacks as you move away! The goblin closely misses you.
The goblin attacks as you move away! The goblin hits you with a +0 club.
You closely miss the goblin. The goblin barely misses you.
Unknown command.
Casting: Magic Dart (safe; 10% risk of failure)
Confirm with . or Enter, or press ? or * to list all spells.
You don't know that spell.
Casting: Magic Dart (safe; 10% risk of failure)
Confirm with . or Enter, or press ? or * to list all spells.
You don't know that spell.
There are monsters nearby!
Unknown command.
The goblin hits you with a +0 club.
Your magical contamination has completely faded away.
The goblin hits you but does no damage. Robin throws the goblin at you!
The goblin no longer looks unusually strong.
The goblin closely misses you. The goblin attacks as you move away!
The goblin hits you with a +0 club.
You die...

......?.....#.#
.....$#.....#.#
............#†#
..<.#####..##.#
###
###.##.#####
#...g......#
#....g.....#
#....gg<...#
#....@g....#
#..........#
....##########
..... (....
..... ###


You could see a hobgoblin (strong) and 4 goblins.

Vanquished Creatures
  A dart slug (D:1)
  3 ball pythons (D:1)
  An endoplasm (D:2)
  2 giant cockroaches (D:1)
  5 goblins
  2 hobgoblins
  3 kobolds (D:1)
  A quokka (D:2)
  2 frilled lizards (D:1)
  2 rats
22 creatures vanquished.

Notes
Turn   | Place    | Note
-------+----------+-------------------------------------------
     0 | D:1      | pokeman the Deep Elf Hedge Wizard began the quest for the
                  | Orb.
     0 | D:1      | Reached XP level 1. HP: 10/10 MP: 7/7
   240 | D:1      | Reached XP level 2. HP: 15/16 MP: 1/9
   771 | D:2      | Noticed Robin
   849 | D:2      | Reached skill level 5 in Spellcasting
   919 | D:2      | Slain by a goblin

Illustrated notes

Levels and vault maps discovered:
D:1:      dpeg_arrival_long_road, layout_rooms, serial_corexii_hall,
          corexii_hall_statues_i, corexii_hall_statues_u,
          corexii_hall_statues_l, corexii_hall_statues_i
D:2:      layout_rooms, basic_altar, nicolae_eternal_life,
          chequers_serial_rivers_room_a, hex_medium, uniq_robin

Skill      XL: |  1  2 |
---------------+-------+-----
Spellcasting   | 5 |  5.0
Fighting       | |  0.7
Armour         | |  0.7
Dodging        | |  2.4
Stealth        | |  2.4
Conjurations   | |  1.7
Summonings     | |  1.1
Translocations | |  1.1

Action                   || total
-------------------------++-------
Melee: Trident           ||     9
 Cast: Magic Dart        ||    54
 Stab: Sleeping          ||     2
Armor: Leather armour    ||    15
Dodge: Dodged            ||     7

Table legend: (Time is in decaauts)
 A = Elapsed time spent in this place.
 B = Non-inter-level travel time spent in this place.
 C = Inter-level travel time spent in this place.
 D = Time resting spent in this place.
 E = Time spent auto-exploring this place.
 F = Levels seen in this place.
 G = Mean time per level.
                   A        B        C        D        E       F      G
               +--------+--------+--------+--------+--------+-----+--------+
         Total |    920 |    879 |     41 |     25 |    688 |   2 |  460.0 |
       Dungeon |    920 |    879 |     41 |     25 |    688 |   2 |  460.0 |
               +--------+--------+--------+--------+--------+-----+--------+

Top non-repeatable levels by time:
     D:1: 827 daAuts
     D:2: 93 daAuts
